AoeStats
← 小肥羊

Nomad

510105826Analyzed
4v4 RM · 4d ago on Sep 29, 2026· 40m 38s· 8 players
Game mode
Random Map
Map size
231×231
Population
200
Speed
Normal
Resources
Standard
Victory
Conquest
Starting age
Dark Age
Ending age
Imperial Age
RankedLock teamsTeams togetherTeam positionsShared explorationLock speedFull tech treeHidden civsTurbo modeCheats
Victory
Defeat
🇧🇴 Japanese · Bolivia
1284
+14
🇨🇳 Saracens · China
1260
+15
🇺🇸 Japanese · United States
1254
+15
🇧🇴 Tatars · Bolivia
1249
+15
🇦🇷 Persians · Argentina
1305
-17
🇨🇳 Mongols · China
1240
-15
🇹🇼 Celts · Taiwan
1223
-14
🇹🇷 Khmer · Türkiye
1184
-13
BuFu1
3:34 Loom
16:38 Feudal Age
20:17 Double-Bit Axe
22:50 Castle Age
22:34 Fishing Lines
25:07 Wheelbarrow
27:02 Hand Cart
27:30 Town Watch
29:05 Gillnets
29:29 Medium Warships
29:53 Fletching
31:20 Bow Saw
31:02 Gold Mining
31:03 Stone Mining
31:03 Horse Collar
31:14 Pikeman
33:23 Scale Mail Armor
33:33 Forging
33:48 Squires
33:33 Arson
37:29 Imperial Age
37:45 Guard Tower
38:17 Ballistics
37:38 Treadmill Crane
38:02 Yasama
39:14 Keep
39:51 Chain Mail Armor
40:12 Iron Casting
41:04 Two-Man Saw
Matamasistas3000
5:29 Loom
14:22 Feudal Age
15:53 Double-Bit Axe
18:35 Castle Age
17:00 Town Watch
17:46 Fishing Lines
18:02 Stone Mining
18:06 Gold Mining
19:51 Gillnets
21:30 Wheelbarrow
23:40 Bow Saw
25:14 Pikeman
28:49 Forging
32:38 Squires
32:51 Scale Mail Armor
35:52 Imperial Age
35:51 Hand Cart
36:24 Gold Shaft Mining
37:41 Chain Mail Armor
38:01 Iron Casting
39:31 Conscription
39:19 Elite Skirmisher
40:35 Fletching
41:43 Plate Mail Armor
-d
5:41 Loom
18:29 Feudal Age
20:26 Fishing Lines
25:01 Castle Age
23:30 Fletching
25:55 Bodkin Arrow
26:26 Gillnets
33:05 Imperial Age
33:11 Forging
33:02 Padded Archer Armor
33:13 Padded Archer Armor
34:08 Wheelbarrow
37:42 Bracer
38:04 Ballistics
38:28 Leather Archer Armor
39:57 Iron Casting
40:32 Double-Bit Axe
40:38 Gold Mining
XForce-MiCausaArce
8:23 Loom
17:08 Feudal Age
22:24 Castle Age
20:48 Double-Bit Axe
20:47 Horse Collar
27:36 Wheelbarrow
37:42 Pikeman
40:23 Bow Saw
espanyol
15:14 Feudal Age
13:59 Loom
16:14 Double-Bit Axe
16:38 Loom
21:42 Castle Age
21:11 Wheelbarrow
22:03 Gold Mining
22:06 Stone Mining
25:37 Gold Mining
27:39 Bow Saw
28:38 Bow Saw
32:52 Hand Cart
34:44 Scale Barding Armor
35:59 Town Watch
36:35 Scale Barding Armor
小肥羊
3:05 Loom
22:24 Feudal Age
24:48 Feudal Age
25:16 Town Watch
28:10 Castle Age
26:39 Fletching
27:47 Forging
29:28 Double-Bit Axe
32:30 Bloodlines
33:33 Bow Saw
35:29 Husbandry
37:28 Scale Barding Armor
37:58 Iron Casting
37:31 Fishing Lines
daitoudaguo
3:32 Loom
14:09 Feudal Age
15:20 Double-Bit Axe
17:40 Castle Age
15:27 Horse Collar
17:06 Town Watch
17:57 Wheelbarrow
18:33 Bow Saw
18:25 Heavy Plow
22:21 Scale Barding Armor
23:12 Bloodlines
34:27 Fletching
35:48 Murder Holes
36:14 Ballistics
37:36 Bodkin Arrow
37:52 Husbandry
39:22 Thumb Ring
40:47 Hand Cart
板橋伐木工
3:11 Loom
14:05 Feudal Age
18:07 Castle Age
21:09 Double-Bit Axe
26:20 Scale Mail Armor
27:54 Fletching
28:06 Gambesons
31:48 Chain Mail Armor
35:52 Bow Saw
35:30 Horse Collar
36:20 Forging
37:20 Wheelbarrow
37:54 Iron Casting
37:09 Arson
37:30 Town Watch
41:52 Imperial Age
39:16 Gold Mining
39:16 Stone Mining
40:21 Heavy Plow
Connection lost

Rejoining the realm…

Still unreachable

The connection could not be restored.

Session expired

The server has moved on; the page needs a fresh start.